 Dungeon Crawl Stone Soup version 0.31-a0-986-g5e6e4ef867 (webtiles) character file.

Game seed: 6102778081698282820

1715 gelatine the Chopper (level 8, 0/64 HPs)
             Began as a Demonspawn Fighter on Nov 12, 2023.
             Succumbed to grimpoem's ghost's poison
             ... on level 6 of the Dungeon.
             The game lasted 00:16:29 (4684 turns).

gelatine the Chopper (Demonspawn Fighter)           Turns: 4684, Time: 00:16:29

Health: 0/64       AC: 14    Str: 18    XL:     8   Next: 74%
Magic:  13/13      EV:  9    Int:  9    God:
Gold:   295        SH:  5    Dex: 14    Spells: 14/14 levels left

rFire   + . .        a - +0 war axe (spect)
rCold   . . .        c - +0 buckler
rNeg    . . .        m - +4 chain mail
rPois   .            (helmet unavailable)
rElec   .            (no cloak)
rCorr   .            (no gloves)
SInv    +            (no boots)
Will    .....        v - amulet of magic regeneration Stlth
                     s - ring of protection from fire
HPRegen 0.30/turn    (no ring)
MPRegen 0.53/turn

%: no passive effects
@: mighty, lethally poisoned (0 -> -7)
A: antennae 3, hooves 2
a: no special abilities


You were on level 6 of the Dungeon.
You visited 1 branch of the dungeon, and saw 6 of its levels.

You collected 295 gold pieces.

Inventory:

Hand Weapons
 a - a +0 spectral war axe (weapon)
 k - the +7 dagger "Cikiptak" {flame, rElec rPois}
   (You found it on level 3 of the Dungeon)

   rElec:     It insulates you from electricity.
   rPois:     It protects you from poison
Missiles
 e - 11 poisoned darts (quivered)
Armour
 c - a +0 buckler (worn)
 m - a +4 chain mail (worn)
Jewellery
 s - a ring of protection from fire (left hand)
 v - an amulet of magic regeneration (around neck)
Wands
 i - a wand of iceblast (7)
 l - a wand of flame (23)
 t - a wand of digging (5)
Scrolls
 n - a scroll of blinking {unknown}
 o - a scroll of silence {unknown}
 p - a scroll of torment {unknown}
Potions
 b - a potion of lignification
 f - 2 potions of mutation
 g - a potion of curing
 h - a potion of experience
 r - a potion of magic
 u - a potion of ambrosia {unknown}


   Skills:
 * Level 6.1 Fighting
 + Level 0.9 Short Blades
 * Level 6.4 Axes
 - Level 2.4 Throwing
 * Level 6.0 Armour
 * Level 4.4 Dodging
 + Level 2.6 Stealth
 * Level 5.2 Shields
 + Level 3.5 Spellcasting
 + Level 2.4 Evocations


You had 14 spell levels left.
You didn't know any spells.
Your spell library was empty.

Dungeon Overview and Level Annotations

Branches:
Dungeon (6/15)
 Temple: D:4-7

Altars:
Fedhas
Hepliaklqana
Kikubaaqudgha
Makhleb
Nemelex Xobeh
Okawaru
Vehumet
Xom

Shops:
D:3 :   D:4 =   D:5 *

Annotations:
D:3 3 runed translucent doors, Jakobjh's ghost, amateur MfNe
D:6 1 transporter, grimpoem's ghost, amateur DsMo


Innate Abilities, Weirdness & Mutations

You have a pair of large antennae on your head. (SInv)
You have hoof-like feet.


Message History

You completely miss grimpoem's ghost. You kick grimpoem's ghost!
Grimpoem's ghost is heavily damaged.
You feel sick.
Grimpoem's ghost hits you but does no damage.
You are lethally poisoned!
You block the gnoll sergeant's attack.
Grimpoem's ghost hits you but does no damage.
You are more poisoned.
You miss grimpoem's ghost. Your kick misses grimpoem's ghost.
Grimpoem's ghost is heavily damaged.
* * * LOW HITPOINT WARNING * * *
You feel extremely sick.
The gnoll sergeant hits you from afar with a +0 trident.
* * * LOW HITPOINT WARNING * * *
Grimpoem's ghost hits you.
* * * LOW HITPOINT WARNING * * *
You are more poisoned.
You feel better. The gnoll sergeant barely misses you.
Grimpoem's ghost hits you but does no damage.
You are poisoned.
Unknown command.
You closely miss grimpoem's ghost.
Grimpoem's ghost is heavily damaged.
* * * LOW HITPOINT WARNING * * *
You feel very sick.
The gnoll sergeant hits you from afar with a +0 trident.
* * * LOW HITPOINT WARNING * * *
You block grimpoem's ghost's attack.
You feel better.
The gnoll sergeant hits you from afar with a +0 trident!
* * * LOW HITPOINT WARNING * * *
Grimpoem's ghost hits you but does no damage.
You are lethally poisoned!
Unknown command.
As you read the scroll of butterflies, it crumbles to dust.
You hear the flapping of tiny wings.
The gnoll is knocked back by the sudden gust.
The gnoll sergeant is knocked back by the sudden gust.
Grimpoem's ghost is knocked back by the sudden gust.
You die...

.....≈≈###.##'##.###≈≈...........
##.>.≈≈..#.#...#.#..≈≈.........##
#.#.≈≈.##.#...#.##.≈≈.......#.#
#.#.≈≈.#g.#?:.#..#.≈≈.#####.#.#
#.#.≈≈.##.#####g##.≈≈.# #.#.#
#.#.....#.#8⌠8#W#..≈≈.# #.#.#
#.#....©#.))g{gb#©.~~.# #.#.#
#.......#.#g.{#b#..≈≈.# #.#.#
###.≈≈.##.##.##@##.≈≈.#####.#.#
#.≈≈.#©.#...#bb#.≈≈.......#.#
#.≈≈.##.'..bbb##.≈≈.#####.#.#
#.≈≈..#.#..b#b#..≈≈.#######.#
#.≈≈###.##'##.###≈≈.........#
#.≈≈#...........#≈≈.#.#######
#.≈≈##.###.###.##≈≈.#.#
#.≈≈#..#8###8#..#≈≈.#.#
#.≈≈####.....####≈≈.#.#


You could see a gnoll sergeant (ally target), grimpoem's ghost (ally target) and
a gnoll.

Vanquished Creatures
  2 yaks (D:5)
  Edmund (D:5)
  2 ice beasts (D:6)
  A sky beast (D:6)
  An ogre (D:6)
  A centaur (D:6)
  A phantom (D:6)
  A bullfrog (D:6)
  A gnoll sergeant (D:6)
  2 howler monkeys
  A hound (D:6)
  A jelly (D:5)
  A gnoll bouda (D:6)
  An orc priest (D:3)
  A sleepcap (D:6)
  5 iguanas
  Ijyb (D:2)
  3 orc wizards
  3 gnolls (D:6)
  3 adders
  4 ufetubi (D:6)
  A worm (D:3)
  15 orcs
  7 endoplasms
  A giant cockroach (D:4)
  12 goblins
  3 hobgoblins
  5 ball pythons
  4 bats
  2 frilled lizards
  7 kobolds
  8 rats
102 creatures vanquished.

Notes
Turn   | Place    | Note
-------+----------+-------------------------------------------
     0 | D:1      | gelatine the Demonspawn Fighter began the quest for the
                  | Orb.
     0 | D:1      | Reached XP level 1. HP: 18/18 MP: 1/1
   539 | D:2      | Noticed Ijyb
   544 | D:2      | Discovered your monstrous ancestry.
   544 | D:2      | Gained mutation: You have large cloven feet. [demonic
                  | ancestry]
   544 | D:2      | Reached XP level 2. HP: 24/24 MP: 2/2
   550 | D:2      | Killed Ijyb
   551 | D:2      | Reached XP level 3. HP: 21/29 MP: 3/3
  1159 | D:2      | Gained mutation: You have a pair of small antennae on your
                  | head. [demonic ancestry]
  1159 | D:2      | Reached XP level 4. HP: 33/33 MP: 4/4
  1262 | D:2      | Reached skill level 5 in Fighting
  1262 | D:2      | Reached skill level 5 in Armour
  1262 | D:2      | Gained mutation: You have hoof-like feet. [demonic
                  | ancestry]
  1262 | D:2      | Reached XP level 5. HP: 43/43 MP: 4/10
  1429 | D:3      | Identified the +7 dagger "Cikiptak" {flame, rElec rPois}
  1676 | D:3      | Found a runed translucent gate.
  1676 | D:3      | Found a runed translucent gate.
  1676 | D:3      | Found a runed translucent gate.
  1734 | D:3      | Noticed Jakobjh's ghost (amateur MfNe)
  1793 | D:3      | Found Usuur's Vocational Training.
  2709 | D:4      | Gained mutation: You have a pair of antennae on your head.
                  | [demonic ancestry]
  2709 | D:4      | Reached XP level 6. HP: 51/51 MP: 11/11
  2795 | D:4      | Found Okonwail's Jewellery Boutique.
  2921 | D:5      | Entered Level 5 of the Dungeon
  2921 | D:5      | Noticed Edmund
  2935 | D:5      | Killed Edmund
  2936 | D:5      | Reached skill level 5 in Axes
  3151 | D:5      | Noticed a yak
  3159 | D:5      | Noticed a yak
  3160 | D:5      | Noticed a yak
  3161 | D:5      | Noticed a yak
  3164 | D:5      | Noticed a yak
  3341 | D:5      | Killed a yak
  3342 | D:5      | Reached XP level 7. HP: 45/57 MP: 12/12
  3343 | D:5      | Killed a yak
  3542 | D:5      | Found Bifes's Lightly-Used Armoury.
  3810 | D:5      | Reached skill level 5 in Shields
  3953 | D:6      | Gained mutation: You have a pair of large antennae on your
                  | head. (SInv) [demonic ancestry]
  3953 | D:6      | Reached XP level 8. HP: 64/64 MP: 13/13
  3985 | D:6      | Found a sparkling altar of Nemelex Xobeh.
  3985 | D:6      | Found a hazy altar of Hepliaklqana.
  4039 | D:6      | Found a radiant altar of Vehumet.
  4042 | D:6      | Found an iron altar of Okawaru.
  4042 | D:6      | Found an ancient bone altar of Kikubaaqudgha.
  4042 | D:6      | Found a burning altar of Makhleb.
  4043 | D:6      | Found a blossoming altar of Fedhas.
  4194 | D:6      | Found a shimmering altar of Xom.
  4263 | D:6      | Found a transporter.
  4269 | D:6      | Found a transporter.
  4348 | D:6      | Noticed grimpoem's ghost (amateur DsMo)
  4673 | D:6      | HP: 3/64 [gnoll sergeant/+0 trident (12)]
  4680 | D:6      | HP: 2/64 [gnoll sergeant/+0 trident (3)]
  4684 | D:6      | Succumbed to grimpoem's ghost's poison

Illustrated notes

Levels and vault maps discovered:
D:1:      heliophobic_arrival_glass_houses, layout_basic, st_stairs_13,
          chequers_serial_rivers_micro_b
D:2:      kennysheep_the_goblin_king, layout_basic, st_stairs_14,
          corexii_item_surrounded_by_moat
D:3:      layout_basic, serial_forest, infiniplex_forest_clump_medium,
          infiniplex_forest_clump_tiny, infiniplex_forest_straight_2,
          infiniplex_forest_end_1, ebering_ghost_rock_garden,
          nicolae_shop_vocational
D:4:      layout_basic, serial_shops, nicolae_shop_tiny_real_fake_doors
D:5:      layout_loops_cross, ebering_dispersal_statue_hall,
          minmay_shop_damaged, uniq_edmund
D:6:      layout_basic, kennysheep_mini_moat, nicolae_overflow_crystal_walls,
          grunt_temple_overflow_open, gammafunk_ghost_gnarly_gnolls

Skill      XL: |  1  2  3  4  5  6  7  8 |
---------------+-------------------------+-----
Axes           | 2 4 5 6 |  6.4
Armour         | 3 5 6 |  6.0
Shields        | 3 4 5 |  5.2
Fighting       | 5 6 |  6.1
Throwing       | 2 |  2.4
Dodging        | 3 4 |  4.4
Stealth        | 2 |  2.6
Spellcasting   | 3 |  3.5
Evocations     | 2 |  2.4
Short Blades   | |  0.9

Action                     |  1- 3 |  4- 6 |  7- 9 || total
---------------------------+-------+-------+-------++-------
  Melee: War axe           |    52 |    79 |    82 ||   213
         Kick              |     4 |    50 |    21 ||    75
         Dagger            |       |    59 |       ||    59
  Throw: Dart              |     1 |     5 |       ||     6
    Use: Scroll            |     4 |     4 |     2 ||    10
         Potion            |       |     5 |     8 ||    13
   Stab: Distracted        |     1 |       |     1 ||     2
 Armour: Scale mail        |    26 |       |       ||    26
         Chain mail        |    12 |    53 |    89 ||   154
  Dodge: Dodged            |    16 |    24 |    47 ||    87
  Block: Buckler           |     4 |    17 |    35 ||    56

Table legend: (Time is in decaauts)
 A = Elapsed time spent in this place.
 B = Non-inter-level travel time spent in this place.
 C = Inter-level travel time spent in this place.
 D = Time resting spent in this place.
 E = Time spent auto-exploring this place.
 F = Levels seen in this place.
 G = Mean time per level.
                   A        B        C        D        E       F      G
               +--------+--------+--------+--------+--------+-----+--------+
         Total |   4754 |   4503 |    251 |      0 |   3595 |   6 |  792.3 |
       Dungeon |   4754 |   4503 |    251 |      0 |   3595 |   6 |  792.3 |
               +--------+--------+--------+--------+--------+-----+--------+

Top non-repeatable levels by time:
     D:3: 1039 daAuts
     D:5: 875 daAuts
     D:6: 824 daAuts
     D:2: 799 daAuts
     D:4: 671 daAuts
     D:1: 544 daAuts
